 Dungeon Crawl Stone Soup version 0.18-a0-1418-ga86aa8f (webtiles) character file.

4615 Tomstefer the Cleaver (level 10, -2/77 HPs)
             Began as a Demonspawn Gladiator on Feb 26, 2016.
             Was a High Priest of Okawaru.
             Slain by Erica
             ... wielding a +3 scimitar of flaming
              (11 damage)
             ... on level 8 of the Dungeon.
             The game lasted 00:19:12 (8163 turns).

Tomstefer the Cleaver (Demonspawn Gladiator)        Turns: 8163, Time: 00:19:12

Health: -2/77      AC: 16    Str: 19    XL:     10   Next: 19%
Magic:  0/10       EV: 11    Int:  9    God:    Okawaru [*****.]
Gold:   183        SH:  0    Dex: 18    Spells: 2 memorised, 2 levels left

rFire  . . .     SeeInvis .     t - +3 battleaxe
rCold  . . .     Gourm    .     N - +2 scale mail {rPois}
rNeg   . . .     Faith    .     (shield currently unavailable)
rPois  +         Spirit   +     c - +0 helmet
rElec  .         Dismiss  .     (no cloak)
rCorr  .         Reflect  +     K - +2 pair of gloves
SustAt .         Harm     .     (no boots)
MR     .....                    e - +3 amulet of reflection
Stlth  ..........               b - +4 ring of dexterity
                                s - +2 ring of slaying

@: confused, slowed, very slow, not resistant to hostile enchantments, extremely
unstealthy
A: hooves 2, rugged brown scales 2, powered by death 1, magic shield, magic
regeneration
a: Heroism, Finesse, Renounce Religion


You were on level 8 of the Dungeon.
You worshipped Okawaru.
Okawaru was extremely pleased with you.
You were not hungry.

You visited 1 branch of the dungeon, and saw 9 of its levels.

You collected 543 gold pieces.
You spent 360 gold pieces at shops.

Inventory:

Hand Weapons
 t - a +3 battleaxe (weapon)
Missiles
 d - 3 throwing nets (quivered)
 B - 8 steel tomahawks
 C - 3 tomahawks
Armour
 c - a +0 helmet (worn)
 g - a +0 buckler
 K - a +2 pair of gloves (worn)
 N - a +2 scale mail of poison resistance (worn)
Jewellery
 b - a +4 ring of dexterity (right hand)
 e - a +3 amulet of reflection (around neck)
 n - an uncursed ring of ice
 r - an uncursed ring of positive energy
 s - a +2 ring of slaying (left hand)
 G - an uncursed ring of stealth
Wands
 A - a wand of paralysis (11/24)
 L - a wand of enslavement (3/24)
Scrolls
 i - 2 scrolls of teleportation {unknown}
 l - a scroll of recharging
 m - a scroll of enchant armour
 q - a scroll of magic mapping
 u - 2 scrolls of enchant weapon
 y - 4 scrolls of remove curse
 I - a scroll of noise {unknown}
Potions
 h - 2 potions of flight {unknown}
 k - a potion of berserk rage {unknown}
 p - 6 potions of curing {unknown}
 v - 2 potions of brilliance {unknown}
 w - a potion of mutation {unknown}
 x - 3 potions of haste {unknown}
 z - a potion of heal wounds {unknown}
 D - a potion of ambrosia {unknown}
 J - 2 potions of might {unknown}
Books
 E - a book of Ice

   Spells                             Type                      Level
   a - Ice Form                       Ice/Transmutation            4
   b - Metabolic Englaciation         Hexes/Ice                    5
   c - Ozocubu's Refrigeration        Ice                          6
   d - Bolt of Cold                   Conjuration/Ice              6
   e - Freezing Cloud                 Conjuration/Ice/Air          6
   f - Simulacrum                     Ice/Necromancy               6
 F - a book of Enchantments

   Spells                             Type                      Level
   a - Cause Fear                     Hexes                        4
   b - Yara's Violent Unravelling     Hexes/Transmutation          5
   c - Silence                        Hexes/Air                    5
   d - Deflect Missiles               Charms/Air                   6
   e - Haste                          Charms                       6
   f - Discord                        Hexes                        8
 H - a book of Conjurations

   Spells                             Type                      Level
   a - Magic Dart                     Conjuration                  1
   b - Searing Ray                    Conjuration                  2
   c - Dazzling Spray                 Conjuration/Hexes            3
   d - Fulminant Prism                Conjuration/Hexes            4
   e - Iskenderun's Mystic Blast      Conjuration                  4
   f - Iskenderun's Battlesphere      Conjuration/Charms           5
Miscellaneous
 M - a disc of storms
 O - a lamp of fire
Comestibles
 a - 2 chunks of flesh
 f - 5 bread rations
 j - 5 meat rations
 o - 3 beef jerkies


   Skills:
 + Level 5.4 Fighting
 + Level 10.2 Axes
 - Level 1.7 Throwing
 - Level 7.1 Armour
 - Level 2.6 Dodging
 - Level 3.3 Shields
 - Level 1.6 Conjurations


You had 2 spell levels left.
You knew the following spells:

 Your Spells              Type           Power        Failure   Level  Hunger
a - Bolt of Cold          Conj/Ice       #.........   100%        6    #######
b - Magic Dart            Conj           #...         63%         1    ##.....


Dungeon Overview and Level Annotations

Branches:
Dungeon (9/15)             Temple (0/1) D:7
   Lair: D:8-11         Orc: D:9-12

Altars:
Ashenzari
Fedhas
Okawaru
Xom
Zin
The Shining One

Shops:
D:4 =   D:7 :   D:9 =

Annotations:
D:7 2 runed doors
D:8 exclusion: oklob plant, Erica


Innate Abilities, Weirdness & Mutations

You have hoof-like feet.
You are mostly covered in rugged brown scales (AC +2, +5% HP).
You regenerate a little health from kills.
When hurt, damage is shared between your health and your magic reserves.
You regenerate magic rapidly.


Message History

You hit something. Your kick misses something.
Something hits you but does no damage.
You hit something but do no damage. You kick something.
Something hits you but does no damage.
You barely miss something. You kick something.
You hear some strange, mumbled words.
You are confused.
Something hits you but does no damage.
You barely miss something. You kick something.
You feel like a meek peon again.
You hear some strange, mumbled words.
A bolt of poison appears from out of thin air!
The bolt of poison hits you! You resist.
* * * LOW HITPOINT WARNING * * *
You barely miss something. You kick something.
Something hits you but does no damage.
You barely miss something. Something hits you.
* * * LOW HITPOINT WARNING * * *
Something burns you. Something hits you!
You die...

#..........###)####.......
#..........................
##......^.#.###.####.......
##.....#.#.###.# #####...
##............# #...
##.###.##.##.# #.#.
#####.......# #...
#......#.#### ##.#
#.####@#.# #.# #{#.# ###.#
....# ###...) ##.########
#...|)) #.##.....# #.....#
..##.###.###...##.
####.###..........
#.#...###...... #.#.#.#
#.#.#.#


There were no monsters in sight!

Vanquished Creatures
  Pikel (D:8)
  A slime creature (D:7)
  2 water moccasins
  Duvessa (D:7)
  2 ice beasts
  2 sky beasts
  4 orc warriors
  A slave (D:8)
  A necrophage (D:7)
  4 ogres
  3 phantoms
  3 centaurs
  A big kobold (D:7)
  7 giant frogs
  Dowan (D:7)
  2 scorpions
  A water moccasin skeleton (D:7)
  2 killer bees (D:7)
  3 wights (D:6)
  4 howler monkeys
  4 crimson imps
  A jelly (D:7)
  A giant frog skeleton (D:5)
  5 orc priests
  2 hounds
  3 iguanas
  6 worker ants
  3 orc wizards
  3 gnolls (D:5)
  7 adders
  A shadow imp (D:7)
  An ooze (D:2)
  2 worms (D:2)
  8 giant geckos
  21 orcs
  6 giant cockroaches
  9 goblins
  A hobgoblin (D:1)
  10 jackals
  11 kobolds
  2 quokkas
  10 bats
  8 giant newts
  A jackal skeleton (D:4)
  A jackal zombie (D:5)
  A quokka skeleton (D:4)
  8 rats
182 creatures vanquished.

Notes
Turn   | Place    | Note
--------------------------------------------------------------
     0 | D:1      | Tomstefer the Demonspawn Gladiator began the quest for the Orb.
     0 | D:1      | Reached XP level 1. HP: 16/16 MP: 1/1
   135 | D:1      | Reached skill level 3 in Axes
   144 | D:1      | Gained mutation: You are partially covered in rugged brown scales (AC +1, +3% HP). [demonic ancestry]
   144 | D:1      | Reached XP level 2. HP: 9/22 MP: 2/2
   476 | D:1      | Found a glowing golden altar of the Shining One.
  1112 | D:2      | Gained mutation: You have large cloven feet. [demonic ancestry]
  1112 | D:2      | Reached XP level 3. HP: 27/27 MP: 3/3
  1171 | D:2      | Reached skill level 4 in Axes
  1783 | D:3      | Gained mutation: You are mostly covered in rugged brown scales (AC +2, +5% HP). [demonic ancestry]
  1783 | D:3      | Reached XP level 4. HP: 27/34 MP: 4/4
  2490 | D:3      | Noticed a centaur
  2504 | D:3      | Killed a centaur
  2504 | D:3      | Reached skill level 5 in Axes
  2504 | D:3      | Reached skill level 1 in Shields
  2504 | D:3      | Gained mutation: When hurt, damage is shared between your health and your magic reserves. [demonic ancestry]
  2504 | D:3      | Reached XP level 5. HP: 19/39 MP: 5/5
  3265 | D:4      | Found an iron altar of Okawaru.
  3275 | D:4      | Became a worshipper of Warmaster Okawaru
  3791 | D:4      | Found Ligyrhaisk's Jewellery Shoppe.
  3816 | D:4      | Found a shattered altar of Ashenzari.
  3828 | D:4      | Found a shimmering altar of Xom.
  3897 | D:5      | Entered Level 5 of the Dungeon
  3898 | D:5      | Noticed an ogre
  3906 | D:5      | Killed an ogre
  3906 | D:5      | Reached XP level 6. HP: 22/46 MP: 2/6
  3916 | D:5      | Reached skill level 6 in Axes
  4167 | D:5      | Noticed an ice beast
  4182 | D:5      | Killed an ice beast
  4372 | D:5      | Noticed a water moccasin
  4387 | D:5      | Killed a water moccasin
  4387 | D:5      | Gained mutation: You regenerate magic rapidly. [demonic ancestry]
  4387 | D:5      | Reached XP level 7. HP: 52/52 MP: 7/7
  4409 | D:5      | Reached * piety under Okawaru
  4409 | D:5      | Reached skill level 7 in Axes
  4993 | D:5      | Reached ** piety under Okawaru
  4993 | D:5      | Reached skill level 8 in Axes
  4993 | D:5      | Reached XP level 8. HP: 42/60 MP: 4/8
  5240 | D:6      | Found a glowing silver altar of Zin.
  5295 | D:6      | Reached skill level 1 in Armour
  5725 | D:6      | You fall through a shaft for 3 floors!
  5734 | D:9      | Found Lumm's Jewellery Shoppe.
  5927 | D:8      | Found a blossoming altar of Fedhas.
  5935 | D:8      | Reached skill level 5 in Fighting
  6181 | D:6      | Reached *** piety under Okawaru
  6423 | D:6      | Gained mutation: You regenerate a little health from kills. [demonic ancestry]
  6423 | D:6      | Reached XP level 9. HP: 54/71 MP: 7/9
  6933 | D:7      | Learned a level 6 spell: Bolt of Cold
  6975 | D:7      | Reached skill level 5 in Armour
  6996 | D:7      | Noticed Duvessa
  7003 | D:7      | Noticed Dowan
  7014 | D:7      | Killed Duvessa
  7018 | D:7      | Killed Dowan
  7018 | D:7      | Reached skill level 9 in Axes
  7079 | D:7      | Found a staircase to the Ecumenical Temple.
  7103 | D:7      | Found Atiakk's Book Boutique.
  7107 | D:7      | Bought a book of Conjurations for 360 gold pieces
  7111 | D:7      | Learned a level 1 spell: Magic Dart
  7155 | D:7      | Reached skill level 1 in Conjurations
  7185 | D:7      | Found a large runed door.
  7185 | D:7      | Found a large runed door.
  7207 | D:7      | Reached **** piety under Okawaru
  7352 | D:7      | Found a large runed door.
  7352 | D:7      | Found a large runed door.
  7873 | D:8      | Noticed Pikel
  7878 | D:8      | Killed Pikel
  7878 | D:8      | Reached ***** piety under Okawaru
  7878 | D:8      | Reached skill level 10 in Axes
  7878 | D:8      | Gained mutation: You have hoof-like feet. [demonic ancestry]
  7878 | D:8      | Reached XP level 10. HP: 69/77 MP: 8/10
  7954 | D:8      | Noticed an oklob plant
  8143 | D:8      | Noticed Erica
  8163 | D:8      | Slain by Erica

Vault maps used:
D:1:      onia_arrival_larder, wad_floor_pattern_2, nrook_mini_backslash,
          tso_metal_star
D:2:      kennysheep_generic_room_10
D:3:      kennysheep_pointless_box, serial_bayou_lake_a
D:4:      lemuel_round_altar, amethyst_overflow_temple_binary, first_bread,
          serial_shops, shop
D:6:      basic_altar, minmay_tree_intersection
D:7:      minmay_temple_entry_butterflies, serial_shops, kennysheep_mini,
          minmay_hollow_rounded_squares, uniq_duvessa
D:8:      lemuel_oklob_altar, uniq_pikel, uniq_erica
D:9:      nicolae_overflow_crystal_walls, nicolae_overflow_quartered_altars,
          serial_shops, shop, nicolae_shop_waterfront

Skill      XL: |  1  2  3  4  5  6  7  8  9 |
---------------+----------------------------+-----
Axes           | 3 4 5 6 8 10 | 10.2
Shields        | 1 2 3 |  3.3
Fighting       | 3 5 |  5.4
Armour         | 4 7 |  7.1
Conjurations   | 1 |  1.6
Throwing       | |  1.7
Dodging        | |  2.6

Action                   |  1- 3 |  4- 6 |  7- 9 | 10-12 || total
-------------------------+-------+-------+-------+-------++-------
Melee: War axe           |   116 |   149 |    45 |       ||   310
       Halberd           |       |       |    71 |       ||    71
       Battleaxe         |       |       |   233 |    39 ||   272
Throw: Throwing net      |       |     1 |       |       ||     1
Invok: Heroism           |       |       |     1 |     1 ||     2
  Use: Scroll            |       |       |     8 |       ||     8
 Stab: Sleeping          |     1 |       |       |       ||     1
       Distracted        |       |     1 |       |       ||     1
       Held in net/web   |       |     1 |       |       ||     1
  Eat: Chunk             |     3 |     8 |     9 |     1 ||    21
       Fruit             |       |       |     3 |       ||     3
       Meat ration       |       |       |     1 |       ||     1
